 Dungeon Crawl Stone Soup version 0.27.1-37-g7b29ead8ac (console) character file.

Game seed: 15603024070225639395

18629 grimtooth the Summoner (level 12, -2/97 HPs)
             Began as a Barachi Summoner on July 19, 2023.
             Was a High Priest of Vehumet.
             Slain by a two-headed ogre simulacrum (19 damage)
             ... in an ice cave.
             The game lasted 01:41:33 (18602 turns).

grimtooth the Summoner (Barachi Summoner)          Turns: 18602, Time: 01:41:34

Health: -2/97      AC:  6    Str: 14    XL:     12   Next: 60%
Magic:  28/37      EV: 11    Int: 23    God:    Vehumet [*****.]
Gold:   629        SH:  0    Dex: 12    Spells: 10/35 levels left

rFire    + . .     SeeInvis .   a - +2 dagger (venom)
rCold    . . .     Faith    .   (no shield)
rNeg     . . .     Spirit   .   w - +0 troll leather armour
rPois    +         Reflect  .   C - +0 helmet
rElec    .         Harm     .   (no cloak)
rCorr    +         Rampage  .   A - +0 pair of gloves
Will     +....                  (no boots)
Stlth    ++........             e - amulet of regeneration
HPRegen  2.26/turn              D - ring of Ubiumpe {rPois rF+ Will+ rCorr MP+9}
MPRegen  0.25/turn              c - +6 ring of intelligence

@: unable to hop, slow
A: amphibious, slowness 1, strong legs 1, +LOS
a: Hop, Renounce Religion


You were in an ice cave.
You worshipped Vehumet.
Vehumet was extremely pleased with you.
You visited 3 branches of the dungeon, and saw 16 of its levels.
You also visited: Ice Cave.

You collected 629 gold pieces.

Inventory:

Hand Weapons
 a - a +2 dagger of venom (weapon)
Missiles
 f - 56 stones (quivered)
 N - a curare-tipped dart
 U - a throwing net {=f}
Armour
 w - a +0 troll leather armour (worn)
 A - a +0 pair of gloves (worn)
 C - a +0 helmet (worn)
Magical Staves
 t - a staff of poison
 T - a staff of air
Jewellery
 b - a +6 ring of dexterity
 c - a +6 ring of intelligence (right hand)
 e - an amulet of regeneration (around neck)
 i - a ring of willpower
 D - the ring of Ubiumpe (left hand) {rPois rF+ Will+ rCorr MP+9}
   (You found it on level 5 of the Dungeon)

   [ring of resist corrosion]

   rF:        It protects you from fire.
   rPois:     It protects you from poison.
   MP:        It affects your magic capacity (+9).
   rCorr:     It protects you from acid and corrosion.
   Will:      It increases your willpower.
 H - a ring of protection from fire
 O - a +4 ring of protection
 Q - a ring of positive energy
Wands
 q - a wand of iceblast (30)
 E - a wand of digging (12)
 K - a wand of paralysis (11)
 M - a wand of acid (7)
Scrolls
 k - 2 scrolls of vulnerability {unknown}
 l - a scroll of holy word {unknown}
 p - 2 scrolls of teleportation
 u - 3 scrolls of amnesia {unknown}
 x - a scroll of enchant weapon {unknown}
 y - a scroll of fog {unknown}
 G - 3 scrolls of magic mapping
 I - 2 scrolls of enchant armour {unknown}
 J - a scroll of blinking {unknown}
 P - a scroll of fear {unknown}
 R - a scroll of noise {unknown}
 V - a scroll of acquirement {unknown}
Potions
 d - a potion of haste
 g - 2 potions of ambrosia {unknown}
 m - a potion of berserk rage
 n - a potion of curing
 r - 2 potions of resistance
 s - 2 potions of heal wounds {unknown}
 v - a potion of flight {unknown}
 z - 2 potions of magic {unknown}
 B - 2 potions of might
 S - 2 potions of brilliance {unknown}


   Skills:
 - Level 10.0 Fighting
 - Level 3.0 Armour
 - Level 2.1 Dodging
 - Level 1.7 Stealth
 - Level 12.0 Spellcasting
 * Level 6.6 Conjurations
 - Level 3.0 Hexes
 + Level 13.2 Summonings
 - Level 3.0 Air Magic
 - Level 6.0 Evocations


You had 10 spell levels left.
You knew the following spells:

 Your Spells              Type           Power      Damage    Failure   Level
c - Mephitic Cloud        Conj/Pois/Air  28%        N/A       1%          3
d - Iskenderun's Mystic   Conj/Tloc      29%        2d7       4%          4
g - Bolt of Magma         Conj/Fire/Erth 11%        4d7       17%         5
I - Summon Lightning Spi  Summ/Air       50%        N/A       1%          4
L - Summon Small Mammal   Summ           100%       N/A       1%          1
M - Summon Guardian Gole  Hex/Summ       50%        N/A       1%          3
N - Call Canine Familiar  Summ           65%        N/A       1%          3
P - Call Imp              Summ           65%        N/A       1%          2

Your spell library contained the following spells:

 Spells                   Type           Power      Damage    Failure   Level
 Hailstorm                Conj/Ice       29%        3d8       4%          4
 Dazzling Flash           Conj/Hex       70%        N/A       1%          3
 Stone Arrow              Conj/Erth      58%        3d10      1%          3
 Animate Armour           Summ/Erth      88%        N/A       3%          4
 Ignite Poison            Fire/Tmut/Pois 13%        N/A       4%          3
 Pain                     Necr           52%        1d6       5%          1
 Sublimation of Blood     Necr           6%         N/A       9%          2
 Irradiate                Conj/Tmut      14%        3d18      11%         5
 Silence                  Hex/Air        13%        N/A       41%         5
 Starburst                Conj/Fire      14%        6d6       47%         6
 Passage of Golubria      Tloc           N/A        N/A       50%         4
 Petrify                  Tmut/Erth      13%        N/A       50%         4
 Agony                    Necr           13%        N/A       83%         5
 Excruciating Wounds      Necr           6%         N/A       83%         5
 Lehudib's Crystal Spear  Conj/Erth      14%        10d5      100%        8


Dungeon Overview and Level Annotations

Branches:
Dungeon (12/15)            Temple (1/1) D:4            Lair (3/6) D:9
 Shoals (0/4) Lair:2          Orc (0/2) D:10          IceCv (1/1)
  Snake: Lair:2-4    Spider: Lair:2-4

Altars:
Ashenzari
Dithmenos
Fedhas
Gozag
Hepliaklqana
Kikubaaqudgha
Makhleb
Nemelex Xobeh
Okawaru
Qazlal
Ru
Sif Muna
Uskayaw
Vehumet
Wu Jian
Xom
Yredelemnul
Zin
The Shining One
Beogh

Shops:
D:5 (

Annotations:
D:10 3 runed translucent doors, Erica; cbfl8's ghost, novice MiFi
D:11 exclusions: centaur and manticore
Lair:2 1 runed translucent door, exclusion: door, Ephetek's ghost, journeyman OpBr
Lair:3 Sonja IceCv exclusion: 2 ice statues


Innate Abilities, Weirdness & Mutations

You are amphibious.
You cover ground slowly.
You can hop short distances.
You have an extended range of vision and can be seen from far away.


Message History

A two-headed ogre simulacrum comes into view.
Your warg is engulfed in freezing vapours.
Flame seeps out of your guardian golem. The ice statue gestures at you.
The shard of ice hits you.
Your white imp is engulfed in freezing vapours.
Flame seeps out of your guardian golem.
Your crimson imp is engulfed in freezing vapours.
Your crimson imp dies!
Your crimson imp disappears in a puff of smoke!
Your guardian golem disappears in a puff of smoke!
Your guardian golem explodes!
You hear a sizzling sound! x3
The fiery explosion engulfs your shadow imp!!
Your shadow imp dies!
Your shadow imp disappears in a puff of smoke!
You hear a sizzling sound! x5
Your warg is engulfed in freezing vapours.
Your warg dies!
Your warg's corpse disappears in a puff of smoke!
The ice statue gestures.
Your white imp hits the ice statue.
Your white imp freezes the ice statue.
The ice statue completely resists.
The ice statue gestures at you. The freezing blast engulfs you.
You are engulfed in freezing vapours.
Your white imp hits the ice statue but does no damage.
Your white imp barely misses the ice statue.
Your white imp disappears in a puff of smoke!
The ice statue gestures.
Hop to where?
Press: ? - help, Dir - move target Boing!
The two-headed ogre simulacrum hits you!
The two-headed ogre simulacrum freezes you!!
* * * LOW HITPOINT WARNING * * *
The two-headed ogre simulacrum hits you.
* * * LOW HITPOINT WARNING * * *
The two-headed ogre simulacrum freezes you!!
You die...

##...## .. #####...# .
...§#☼○☼##..# ##.
#°○○§°#..## #.. #☼..##
... ####..## ..###
###8#...○#8 ##≈≈≈
###Y..§....°.
≈≈≈###○Y......§°○°
####.##○○°Y........°.
#...@Z.○○☼#☼.........
...........#.###.........
....##..###### ##........
#. ##. #####...# #. #####
.. .. .## #


You could see 3 ice beasts and a two-headed ogre simulacrum.

Vanquished Creatures
  A hydra (Lair:2)
  Pikel (D:5)
  An orb spider (shapeshifter) (D:10)
  A centaur zombie (D:10)
  A black mamba (Lair:1)
  5 komodo dragons
  A polar bear (Lair:2)
  A troll (D:9)
  A hornet (D:8)
  8 blink frogs
  4 yaks
  A steam dragon (D:8)
  A basilisk (Lair:2)
  Menkaure (D:7)
  3 water moccasins
  2 orc warriors (D:9)
  A necrophage (D:4)
  2 centaurs
  3 wolves (Lair:1)
  4 bullfrogs
  2 scorpions
  4 orc priests
  2 hounds
  A centaur skeleton (D:6)
  A gnoll shaman (D:7)
  An iguana (Lair:2)
  2 orc wizards (D:5)
  4 adders
  2 gnolls (D:4)
  An ufetubus (D:5)
  A worm (D:2)
  5 dart slugs
  14 orcs
  6 bats
  3 endoplasms
  A giant cockroach (D:3)
  3 goblins
  7 hobgoblins
  7 jackals
  11 kobolds
  3 quokkas
  4 ball pythons
  A frilled lizard (D:1)
  8 rats
137 creatures vanquished.

Vanquished Creatures (collateral kills)
  Harold (Lair:2)
  A two-headed ogre (D:9)
  3 hydras
  A manticore (D:9)
  A cyclops (D:9)
  3 elephants (Lair:2)
  3 black mambas
  2 cane toads
  A rime drake (Lair:2)
  A kobold demonologist (D:10)
  An ice devil (IceCv)
  An anaconda simulacrum (IceCv)
  A hornet (D:9)
  A troll (D:11)
  2 polar bears (Lair:2)
  A slime creature (D:12)
  3 blink frogs (Lair:2)
  A wraith (D:11)
  3 wyverns
  A steam dragon (D:8)
  A basilisk (Lair:2)
  19 yaks
  7 water moccasins
  A hornet zombie (D:8)
  2 black bears
  An ice beast (D:5)
  2 orc warriors (D:9)
  An ogre (D:5)
  A centaur (D:9)
  4 wolves (Lair:1)
  2 lemures (D:5)
  A kobold brigand (D:10)
  6 bullfrogs
  A two-headed ogre simulacrum (IceCv)
  2 wyvern zombies (D:6)
  2 scorpions
  A water moccasin zombie (D:5)
  An elephant simulacrum (IceCv)
  4 wights
  An electric eel (Lair:2)
  A hound (D:7)
  5 centaur zombies
  A centaur skeleton (D:5)
  9 orc priests
  A bullfrog skeleton (D:6)
  2 iguanas
  2 jellies
  6 orc wizards
  A spriggan simulacrum (IceCv)
  A wolf simulacrum (IceCv)
  A troll simulacrum (IceCv)
  A gnoll (D:4)
  A howler monkey skeleton (D:7)
  3 ufetubi
  37 orcs
  3 ball pythons (D:1)
  2 bats
  3 endoplasms (D:1)
  A giant cockroach (D:1)
  3 hobgoblins
  10 kobolds
  2 frilled lizards (D:1)
  A rat (D:1)
  A spectral orc (D:9)
190 creatures vanquished.

Vanquished Creatures (others)
  An elephant (Lair:2)
  Joseph (D:9)
  A cane toad (Lair:2)
  A blink frog (Lair:2)
  8 yaks
  3 orc warriors (D:10)
  A kobold brigand (D:10)
  A bullfrog (Lair:2)
  2 orcs
  15 fungi
  26 plants
60 creatures vanquished.

Grand Total: 387 creatures vanquished

Notes
Turn   | Place    | Note
-------+----------+-------------------------------------------
     0 | D:1      | grimtooth the Barachi Summoner began the quest for the Orb.
     0 | D:1      | Reached XP level 1. HP: 13/13 MP: 3/3
   263 | D:1      | Reached skill level 5 in Summonings
   702 | D:1      | Reached XP level 2. HP: 19/19 MP: 1/5
   789 | D:1      | Found a faded altar of an unknown god.
  1868 | D:1      | Reached XP level 3. HP: 18/24 MP: 7/7
  2585 | D:1      | Learned a level 3 spell: Call Canine Familiar
  2961 | D:2      | Reached skill level 6 in Summonings
  3350 | D:2      | Reached XP level 4. HP: 27/30 MP: 6/8
  3596 | D:3      | Learned a level 2 spell: Call Imp
  4665 | D:4      | Noticed a necrophage
  4680 | D:4      | Killed a necrophage
  4681 | D:4      | Reached skill level 7 in Summonings
  4681 | D:4      | Reached XP level 5. HP: 35/35 MP: 4/9
  4812 | D:4      | Found an iron altar of Okawaru.
  5623 | D:4      | HP: 1/35 [gnoll (14)]
  5961 | D:4      | Noticed a black bear
  5976 | D:4      | Killed a black bear
  5977 | D:4      | Reached skill level 8 in Summonings
  5977 | D:4      | Reached XP level 6. HP: 23/41 MP: 4/10
  6231 | D:4      | Found a staircase to the Ecumenical Temple.
  6265 | Temple   | Entered the Ecumenical Temple
  6369 | D:4      | Found a shadowy altar of Dithmenos.
  6616 | Temple   | Became a worshipper of Vehumet
  6645 | D:4      | Learned a level 3 spell: Summon Guardian Golem
  6674 | D:5      | Entered Level 5 of the Dungeon
  6863 | D:5      | You fall into a shaft and drop 2 floors!
  6863 | D:7      | Noticed Menkaure
  6880 | D:7      | Killed Menkaure
  6881 | D:7      | Reached skill level 9 in Summonings
  7132 | D:7      | Noticed a water moccasin
  7149 | D:7      | Noticed a sky beast
  7154 | D:7      | Noticed a water moccasin
  7172 | D:7      | Killed a water moccasin
  7173 | D:7      | Reached XP level 7. HP: 46/46 MP: 8/13
  7491 | D:6      | Reached skill level 5 in Spellcasting
  8074 | D:5      | Noticed Pikel
  8490 | D:5      | Reached * piety under Vehumet
  8490 | D:5      | Offered knowledge of Magic Dart by Vehumet.
  8664 | D:5      | Identified the ring of Ubiumpe {rPois rF+ Will+ rCorr MP+9}
  8666 | D:5      | - nice one
  8778 | D:5      | Found Ypekaesm's Antique Weapon Emporium.
  8972 | D:5      | Killed Pikel
  8973 | D:5      | Reached XP level 8. HP: 47/52 MP: 19/19
  9133 | D:6      | Reached skill level 1 in Hexes
 10205 | D:7      | Reached skill level 1 in Fighting
 10933 | D:8      | Found a shimmering altar of Xom.
 11064 | D:8      | Noticed a hornet
 11158 | D:8      | Reached XP level 9. HP: 45/66 MP: 21/21
 11163 | D:8      | Killed a hornet
 11164 | D:8      | Reached skill level 5 in Fighting
 11480 | D:8      | Found a burning altar of Makhleb.
 12156 | D:9      | Found a shimmering blue altar of Sif Muna.
 12408 | D:9      | Noticed a two-headed ogre
 12421 | D:9      | You fall into a shaft and drop 3 floors!
 12422 | D:12     | - aaaa shafts
 12433 | D:12     | Noticed a red ugly thing
 12454 | D:12     | Noticed a boulder beetle
 12455 | D:12     | Noticed a manticore
 12640 | D:11     | Noticed a troll
 12646 | D:11     | Killed a troll
 12791 | D:11     | Noticed a manticore
 12910 | D:10     | Entered Level 10 of the Dungeon
 12952 | D:10     | Reached skill level 10 in Summonings
 12971 | D:10     | Reached ** piety under Vehumet
 12974 | D:10     | Offered knowledge of Static Discharge by Vehumet.
 13013 | D:10     | Noticed a rime drake
 13036 | D:10     | Noticed a kobold demonologist
 13050 | D:10     | Noticed a smoke demon
 13054 | D:10     | Killed a kobold demonologist
 13142 | D:9      | Found a staircase to the Lair.
 13153 | D:10     | Noticed Erica
 13229 | D:10     | Noticed a cyclops
 13524 | D:9      | Reached XP level 10. HP: 50/76 MP: 21/23
 13525 | D:9      | Noticed Joseph
 13534 | D:9      | Killed Joseph
 13535 | D:9      | Reached skill level 11 in Summonings
 13884 | D:9      | Reached skill level 10 in Spellcasting
 13888 | D:9      | Offered knowledge of Inner Flame by Vehumet.
 13889 | D:9      | Reached skill level 12 in Summonings
 14042 | D:9      | Noticed a manticore
 14050 | D:9      | Killed a manticore
 14062 | D:9      | Killed a two-headed ogre
 14227 | D:9      | Reached *** piety under Vehumet
 14283 | D:9      | Found a hazy altar of Hepliaklqana.
 14408 | D:9      | Learned a level 4 spell: Summon Lightning Spire
 14569 | D:9      | Killed a cyclops
 14570 | D:9      | Reached skill level 1 in Air Magic
 14671 | D:10     | Found a runed translucent gate.
 14671 | D:10     | Found a runed translucent gate.
 14671 | D:10     | Found a runed translucent gate.
 14671 | D:10     | Noticed cbfl8's ghost (novice MiFi)
 14673 | D:10     | Found a basalt altar of Yredelemnul.
 14773 | D:10     | Noticed a skeletal warrior
 14780 | D:10     | Noticed an orb spider
 14780 | D:10     | a blink frog changed into an orb spider
 14785 | D:10     | Killed an orb spider
 14833 | D:10     | Offered knowledge of Dazzling Flash by Vehumet.
 14872 | D:10     | Found a staircase to the Orcish Mines.
 15029 | Lair:1   | Entered Level 1 of the Lair of Beasts
 15045 | Lair:1   | Noticed a black mamba
 15051 | Lair:1   | Killed a black mamba
 15052 | Lair:1   | Reached XP level 11. HP: 47/84 MP: 26/26
 15688 | Lair:1   | Noticed a seven-headed hydra
 15699 | Lair:1   | Killed a seven-headed hydra
 16078 | Lair:1   | Reached skill level 1 in Armour
 16112 | Lair:1   | Reached skill level 1 in Evocations
 16500 | Lair:2   | Reached **** piety under Vehumet
 16656 | Lair:2   | Reached skill level 5 in Evocations
 16657 | Lair:2   | Offered knowledge of Fulminant Prism by Vehumet.
 16671 | Lair:2   | Noticed a five-headed hydra
 16691 | Lair:2   | Killed a five-headed hydra
 16692 | Lair:2   | Reached XP level 12. HP: 74/97 MP: 28/28
 16860 | Lair:2   | Found a staircase to the Shoals.
 16923 | Lair:2   | Reached skill level 10 in Fighting
 17007 | Lair:2   | Learned a level 3 spell: Mephitic Cloud
 17012 | Lair:2   | Learned a level 4 spell: Iskenderun's Mystic Blast
 17018 | Lair:2   | Learned a level 5 spell: Bolt of Magma
 17018 | Lair:2   | Noticed Harold
 17179 | Lair:2   | Reached skill level 1 in Conjurations
 17196 | Lair:2   | Noticed a six-headed hydra
 17208 | Lair:2   | Killed a six-headed hydra
 17237 | Lair:2   | Killed Harold
 17563 | Lair:2   | Noticed a five-headed hydra
 17575 | Lair:2   | Killed a five-headed hydra
 17839 | Lair:2   | Reached skill level 5 in Conjurations
 17905 | Lair:2   | Found a runed translucent door.
 17909 | Lair:2   | Found a shimmering altar of Xom.
 17909 | Lair:2   | Noticed Ephetek's ghost (journeyman OpBr)
 17992 | Lair:3   | Noticed a five-headed hydra
 18075 | Lair:3   | Reached skill level 13 in Summonings
 18180 | Lair:3   | Noticed Sonja
 18186 | Lair:3   | Found a frozen archway.
 18234 | IceCv    | Entered an ice cave
 18424 | IceCv    | Reached ***** piety under Vehumet
 18442 | IceCv    | Offered knowledge of Hailstorm by Vehumet.
 18602 | IceCv    | Slain by a two-headed ogre simulacrum

Illustrated notes

#.. #..# .# .... .# #..#
##.##### ##..# ##......
# ##..(# ##.....##
#.##..#.###.......## #
##..>....##.........##..
#.........'........>..#
.##...#5##..........#
#...@..##.......#.
#.#.#..###.....##
...#..# ##...## #.###..#
##'## #. #..# #.# # #..#
#.# ...# ##.## ####
##...## #.....# ##)..##
########.#######.


Turn 8666 on D:5: - nice one .. .. . .####+###. .......... ).......# #.....#
#.....# #....@# #..J..# #.....# .....J<.# ......J... .....J..J. .......J..
........... ........... Turn 12422 on D:12: - aaaa shafts

Levels and vault maps discovered:
D:1:      dpeg_arrival_ratfight, layout_loops_corners,
          shapermc_ecumenical_altar_starsandcircs
D:2:      layout_rooms
D:3:      layout_basic, hangedman_decor_peaks_small, serial_bayou_lagoon_b
D:4:      layout_cave_pools, nicolae_overflow_hidden_temple, kennysheep_mini,
          minmay_temple_entry_mist, serial_park_tiny_2, serial_bayou_pond_d
D:5:      layout_loops_corners, serial_shops, nicolae_shop_behind_doors,
          uniq_pikel
D:6:      layout_basic, minmay_fountain_box
D:7:      layout_basic, uniq_menkaure
D:8:      layout_gridville, mainiacjoe_overflow_paths,
          mainiacjoe_overflow_24_doors
D:9:      layout_big_octagon, lemuel_round_altar,
          nicolae_hepliaklqana_monster_ancestors, lair_entry_dummy,
          minmay_misc_feat_five, uniq_joseph
D:10:     layout_roguey, nicolae_yredelemnul_ghost_church, david_orc_5,
          lightli_corner_chamber, uniq_erica
D:11:     layout_long_grid, minmay_increasing_density
D:12:     lemuel_castle_with_subvaults [lemuel_castle_interior_carwin_2],
          layout_irregular_city, serial_shops, shop_statue, uniq_urug
Temple:   nicolae_temple_hex_pool
Lair:1:   layout_roguey
Lair:2:   beast_lair_carwin_large_2, layout_cave_pods, minmay_shoals_entry_hut,
          ebering_ghost_xom, uniq_harold
Lair:3:   layout_big_grid, portal_ice_cave_entry_pillars_1, st_stairs_11,
          uniq_sonja
IceCv:    ice_cave_small_demon

Skill      XL: |  1  2  3  4  5  6  7  8  9 10 11 12 |
---------------+-------------------------------------+-----
Summonings     | 5 6 7 8 9 10 12 13 | 13.2
Spellcasting   | 3 4 7 8 9 11 12 | 12.0
Hexes          | 3 |  3.0
Fighting       | 4 6 7 9 10 | 10.0
Air Magic      | 3 |  3.0
Armour         | 3 |  3.0
Evocations     | 6 |  6.0
Conjurations   | 6 |  6.6
Dodging        | |  2.1
Stealth        | |  1.7

Action                   |  1- 3 |  4- 6 |  7- 9 | 10-12 || total
-------------------------+-------+-------+-------+-------++-------
Melee: Unarmed           |     7 |       |       |       ||     7
       Dagger            |   104 |    96 |   149 |   277 ||   626
Throw: Dart              |    30 |    24 |    29 |    56 ||   139
       Stone             |     7 |     1 |     1 |     9 ||    18
 Cast: Summon Small Mamm |    33 |     7 |       |     3 ||    43
       Call Canine Famil |     1 |    11 |    43 |    53 ||   108
       Call Imp          |       |     4 |    43 |    83 ||   130
       Summon Guardian G |       |       |     4 |    18 ||    22
       Summon Lightning  |       |       |       |    13 ||    13
 Abil: Hop               |       |       |     4 |    16 ||    20
Evoke: Wand              |       |     7 |     3 |     7 ||    17
  Use: Potion            |       |     1 |     3 |     1 ||     5
       Scroll            |       |     1 |     5 |     6 ||    12
 Stab: Sleeping          |     5 |     3 |     4 |       ||    12
       Distracted        |       |     1 |     3 |     4 ||     8
Armor: Robe              |    33 |    35 |    36 |    38 ||   142
       Troll leather arm |       |       |       |    52 ||    52
Dodge: Dodged            |    79 |    87 |   125 |   223 ||   514
